Map: Oceanborn LE

Players

llllllllllll - Winner!

  • Race: Protoss Protoss
  • League: Diamond
  • Spawn Location: 11:00

SubN

  • Race: Zerg Zerg
  • League: Diamond
  • Spawn Location: 5:00

VOD

Have the link to the VOD?

Description

Time

  • Played on: Dec. 27, 2023, 12:04 a.m.
  • Length: 6:38
Show
View Real Time Build Order
Export as new Build Order

llllllllllll Protoss - Winner!

Build Orders: 1 Gate Expand 

Get SALT Encoding   

  12  0:00  Probe  
  13  0:12  Probe  
  14  0:19  Pylon  
  14  0:24  Probe  
  15  0:37  Probe (Chrono Boost)  
  16  0:43  Gateway  
  16  0:46  Assimilator  
  17  0:50  Probe (Chrono Boost)  
  17  0:56  Probe (Chrono Boost)  
  18  1:05  Probe  
  19  1:17  Probe  
  20  1:27  Nexus  
  20  1:44  Cybernetics Core  
  20  1:47  Gateway  
  20  1:55  Assimilator  
  20  2:00  Pylon  
  20  2:06  Probe  
  21  2:17  Adept (Chrono Boost)  
  21  2:18  Probe  
  24  2:26  Stargate  
  24  2:38  Shield Battery  
  24  2:39  Adept  
  26  2:50  Adept  
  28  2:51  Probe  
  28  2:52  Probe  
  30  2:59  Warp Gate  
  30  3:03  Probe  
  32  3:17  Void Ray (Chrono Boost)  
  35  3:27  Probe x2  
  37  3:36  Stalker x2 (Chrono Boost)  
  41  4:06  Probe  
  46  4:11  Void Ray (Chrono Boost)  
  46  4:14  Pylon  
  46  4:15  Pylon  
  46  4:32  Probe x2  
  48  4:40  Gateway  
  48  4:42  Gateway  
  48  4:44  Probe x2  
  54  4:46  Void Ray  
  54  4:49  Stalker  
  56  4:56  Probe x2  
  56  4:59  Stalker  
  52  5:08  Probe  
  52  5:09  Probe  
  52  5:13  Stalker  
  52  5:22  Stalker  
  52  5:27  Shield Battery  
  48  5:37  Stalker x3  
  52  5:57  Stalker  
  52  6:00  Probe x2  
  56  6:05  Assimilator  
  56  6:06  Stalker x2  
  56  6:07  Assimilator  
  56  6:11  Pylon  
  58  6:12  Probe  
  58  6:13  Gateway  
  58  6:15  Gateway  
  59  6:19  Forge  
Show
View Real Time Build Order
Export as new Build Order

SubN Zerg 

Build Orders: Hatch First 

Get SALT Encoding   

  12  0:00  Drone  
  13  0:08  Drone  
  14  0:35  Hatchery  
  14  0:40  Drone  
  14  0:56  Spawning Pool  
  13  0:58  Drone  
  14  1:25  Hatchery  
  13  1:31  Drone  
  14  1:38  Overlord  
  14  1:48  Queen  
  16  1:55  Drone  
  16  1:56  Drone  
  18  2:07  Queen  
  20  2:15  Overlord  
  20  2:18  Zergling x2  
  20  2:21  Zergling x2  
  22  2:25  Zergling x2  
  23  2:31  Overlord  
  23  2:34  Zergling x2  
  24  2:37  Zergling x2  
  24  2:43  Drone  
  26  2:46  Zergling x2  
  26  2:47  Zergling x2  
  28  2:56  Zergling x4  
  30  3:05  Zergling x2, Spine Crawler  
  30  3:15  Queen  
  32  3:20  Zergling x4  
  32  3:24  Zergling x2  
  35  3:29  Zergling x2  
  35  3:30  Zergling x2  
  37  3:41  Drone  
  37  3:42  Drone x2  
  37  3:47  Zergling x4  
  42  3:57  Queen  
  43  4:07  Spore Crawler  
  39  4:12  Zergling x6  
  41  4:28  Drone x3  
  43  4:38  Zergling x2  
  43  4:39  Zergling x10  
  45  5:00  Spine Crawler  
  45  5:01  Spine Crawler, Spore Crawler  
  45  5:04  Zergling x4  
  38  5:16  Zergling x2  
  38  5:17  Zergling x6  
  38  5:27  Queen  
  27  6:11  Zergling x8  
  28  6:12  Zergling x10  
Tags
 
Add a new tag
Caveats
  • Supply blocks, unpowered buildings, or Contaminate may cause inaccurate times.
  • Supply counts are checked every 10 seconds.